 Dungeon Crawl Stone Soup version 0.30.0-5-g1a98f26d00 (webtiles) character file.

Game seed: 17239971415507286389

730 retardedninja the Firebug (level 7, -1/51 HPs)
             Began as a Gnoll Fire Elementalist on May 11, 2023.
             Slain by a worm (6 damage)
             ... on level 4 of the Dungeon.
             The game lasted 00:05:53 (4231 turns).

retardedninja the Firebug (Gnoll Fire Elementalist) Turns: 4231, Time: 00:05:54

Health: -1/51      AC:  5    Str:  7    XL:     7   Next: 73%
Magic:  8/15       EV: 19    Int: 16    God:
Gold:   109        SH:  0    Dex: 13    Spells: 14/17 levels left

rFire   . . .        h - +0 dire flail
rCold   . . .        (shield currently unavailable)
rNeg    . . .        a - +0 robe
rPois   .            (no helmet)
rElec   .            (no cloak)
rCorr   +            (no gloves)
SInv    .            (no boots)
Will    .....        (no amulet)
Stlth   +            d - ring of resist corrosion
HPRegen 0.28/turn    f - +5 ring of evasion
MPRegen 0.14/turn

%: no passive effects
@: lit by a corona, glowing
A: fangs 1, strong nose, distributed training, iridescent scales 1, shaggy fur 1
a: no special abilities


You were on level 4 of the Dungeon.
You visited 1 branch of the dungeon, and saw 4 of its levels.

You collected 109 gold pieces.

Inventory:

Hand Weapons
 h - a +0 dire flail (weapon)
Armour
 a - a +0 robe (worn)
 q - a +0 helmet
Jewellery
 d - a ring of resist corrosion (left hand)
 f - a +5 ring of evasion (right hand)
Wands
 p - a wand of flame (20)
 r - a wand of polymorph (4)
 s - a wand of digging (8)
Scrolls
 c - 2 scrolls of vulnerability {unknown}
 g - a scroll of fear {unknown}
 j - 3 scrolls of identify {unknown}
 k - 2 scrolls of enchant weapon {unknown}
 m - a scroll of amnesia {unknown}
 n - 2 scrolls of blinking {unknown}
 o - 2 scrolls of teleportation {unknown}
Potions
 l - a potion of might {unknown}


   Skills:
 + Level 2.8 Fighting
 + Level 2.8 Short Blades
 + Level 2.8 Long Blades
 + Level 2.8 Axes
 + Level 2.8 Maces & Flails
 + Level 2.8 Polearms
 + Level 2.8 Staves
 + Level 2.8 Ranged Weapons
 + Level 2.8 Throwing
 + Level 2.8 Armour
 + Level 5.4 Dodging
 + Level 5.1 Stealth
 + Level 2.8 Shields
 + Level 2.8 Unarmed Combat
 + Level 5.8 Spellcasting
 + Level 3.1 Conjurations
 + Level 2.2 Hexes
 + Level 2.2 Summonings
 + Level 2.2 Necromancy
 + Level 2.2 Translocations
 + Level 2.2 Transmutations
 + Level 5.9 Fire Magic
 + Level 2.2 Ice Magic
 + Level 2.2 Air Magic
 + Level 2.2 Earth Magic
 + Level 2.2 Poison Magic
 + Level 3.1 Invocations
 + Level 2.8 Evocations


You had 14 spell levels left.
You knew the following spells:

 Your Spells              Type           Power      Damage    Failure   Level
a - Foxfire               Conj/Fire      76%        2x1d7     2%          1
b - Scorch                Fire           46%        2d7       1%          2

Your spell library contained the following spells:

 Spells                   Type           Power      Damage    Failure   Level
 Inner Flame              Hex/Fire       17%        N/A       8%          3
 Volatile Blastmotes      Fire/Tloc      34%        2d12      8%          3
 Flame Wave               Conj/Fire      19%        2d7       22%         4


Dungeon Overview and Level Annotations

Branches:
Dungeon (4/15)
 Temple: D:4-7

Altars:
Vehumet

Shops:
D:4 [

Annotations:
D:4 Dowan


Innate Abilities, Weirdness & Mutations

You have very sharp teeth.
Your uncanny sense of smell can sniff out nearby items.
Your experience applies equally to all skills.
You are partially covered in iridescent scales. (AC +2)
You are covered in fur. (AC +1)


Message History

Dowan blinks!
It was a potion of mutation.
You feel extremely strange. Fur sprouts all over your body.
Iridescent scales grow over part of your body.
The orc misses you.
Casting: Scorch (safe; 1% risk of failure)
Confirm with . or Enter, or press ? or * to list all spells.
You don't have enough magic to cast this spell.
Unknown command.
Magic courses through your body.
Dowan casts a spell.
Dowan blinks!
The orc hits you with a +0 hand axe.
* * * LOW HITPOINT WARNING * * *
The orc barely misses you.
Casting: Scorch (safe; 1% risk of failure)
Confirm with . or Enter, or press ? or * to list all spells.
Flames lash the orc.
You kill the orc!
Dowan shakes with grief.
The orc closely misses you.
Unknown command.
Casting: Scorch (safe; 1% risk of failure)
Confirm with . or Enter, or press ? or * to list all spells.
Flames lash the orc.
The orc is almost dead.
The orc's fire resistance burns away.
The orc completely misses you.
Unknown command.
Casting: Scorch (safe; 1% risk of failure)
Confirm with . or Enter, or press ? or * to list all spells.
Flames lash the worm.
The worm is moderately wounded.
The worm's fire resistance burns away.
The orc barely misses you. The worm bites you.
* * * LOW HITPOINT WARNING * * *
Casting: Scorch (safe; 1% risk of failure)
Confirm with . or Enter, or press ? or * to list all spells.
Flames lash the worm.
The worm is burned terribly!
The worm is almost dead.
The orc completely misses you. The worm bites you.
You die...

#...# #.. ..# #.. #...#
#.# ### #.< ##.## #.#
##.. #. #.# ####8.∩ #
#####.### ##)..... #.##
#.......####..##..> ....
#.###.......#.##...
..##).#o#####.##.###...##
......)w@..##.###.#......
...##.#e##.##.# ##.######
..!#.# ##.# ### ### #..
..# #.# ### #.# #.# #.#


You could see Dowan (fast, combustible), a worm (combustible) and an orc
(combustible).

Vanquished Creatures
  Grinder (D:3)
  Menkaure (D:4)
  A boggart (D:4)
  2 orc priests
  Jessica (D:2)
  Natasha (thrice) (D:3 D:2)
  Robin (D:3)
  4 gnolls (D:2)
  4 adders
  3 worms
  A dart slug (D:1)
  7 orcs
  3 bats
  3 endoplasms
  2 giant cockroaches (D:2)
  18 goblins
  5 hobgoblins
  5 kobolds
  2 quokkas (D:2)
  5 ball pythons
  2 frilled lizards
  6 rats
80 creatures vanquished.

Vanquished Creatures (others)
  An endoplasm (D:3)
  240 foxfires
241 creatures vanquished.

Grand Total: 321 creatures vanquished

Notes
Turn   | Place    | Note
-------+----------+-------------------------------------------
     0 | D:1      | retardedninja the Gnoll Fire Elementalist began the quest
                  | for the Orb.
     0 | D:1      | Reached XP level 1. HP: 13/13 MP: 6/6
   324 | D:1      | Reached XP level 2. HP: 15/20 MP: 2/7
  1152 | D:2      | Noticed Jessica
  1165 | D:1      | Learned a level 2 spell: Scorch
  1188 | D:1      | Reached skill level 5 in Spellcasting
  1188 | D:1      | Reached XP level 3. HP: 5/25 MP: 0/9
  1383 | D:2      | Killed Jessica
  1384 | D:2      | Reached skill level 1 in Fighting
  1384 | D:2      | Reached skill level 1 in Short Blades
  1384 | D:2      | Reached skill level 1 in Long Blades
  1384 | D:2      | Reached skill level 1 in Axes
  1384 | D:2      | Reached skill level 1 in Maces & Flails
  1384 | D:2      | Reached skill level 1 in Polearms
  1384 | D:2      | Reached skill level 1 in Staves
  1384 | D:2      | Reached skill level 1 in Ranged Weapons
  1384 | D:2      | Reached skill level 1 in Throwing
  1384 | D:2      | Reached skill level 1 in Armour
  1384 | D:2      | Reached skill level 1 in Shields
  1384 | D:2      | Reached skill level 1 in Unarmed Combat
  1384 | D:2      | Reached skill level 1 in Invocations
  1384 | D:2      | Reached skill level 1 in Evocations
  1524 | D:2      | Reached XP level 4. HP: 30/32 MP: 2/11
  1847 | D:2      | Reached skill level 1 in Hexes
  1847 | D:2      | Reached skill level 1 in Summonings
  1847 | D:2      | Reached skill level 1 in Necromancy
  1847 | D:2      | Reached skill level 1 in Translocations
  1847 | D:2      | Reached skill level 1 in Transmutations
  1847 | D:2      | Reached skill level 1 in Ice Magic
  1847 | D:2      | Reached skill level 1 in Air Magic
  1847 | D:2      | Reached skill level 1 in Earth Magic
  1847 | D:2      | Reached skill level 1 in Poison Magic
  2090 | D:2      | Reached XP level 5. HP: 27/37 MP: 5/12
  2405 | D:3      | Noticed Grinder
  2419 | D:3      | Paralysed by Grinder for 3 turns
  2430 | D:3      | Killed Grinder
  2431 | D:3      | Reached skill level 5 in Dodging
  2431 | D:3      | Reached XP level 6. HP: 22/44 MP: 3/14
  2561 | D:3      | Noticed Natasha
  2570 | D:3      | Killed Natasha
  2779 | D:3      | Noticed Natasha
  3062 | D:2      | Killed Natasha
  3096 | D:2      | Reached XP level 7. HP: 24/50 MP: 10/15
  3122 | D:2      | Noticed Natasha
  3127 | D:2      | Killed Natasha
  3368 | D:3      | Noticed Robin
  3380 | D:3      | Killed Robin
  3491 | D:3      | Found a radiant altar of Vehumet.
  3653 | D:3      | Found a faded altar of an unknown god.
  4078 | D:4      | Noticed Menkaure
  4087 | D:4      | Killed Menkaure
  4088 | D:4      | Reached skill level 5 in Stealth
  4158 | D:4      | Found Duxkuag's Antique Armour Boutique.
  4206 | D:4      | Noticed Duvessa
  4206 | D:4      | Noticed Dowan
  4211 | D:4      | Duvessa changed into Duvessa the boggart
  4211 | D:4      | Noticed Duvessa
  4219 | D:4      | Killed Duvessa the boggart
  4226 | D:4      | Gained mutation: You are covered in fur. (AC +1) [potion of
                  | mutation]
  4226 | D:4      | Gained mutation: You are partially covered in iridescent
                  | scales. (AC +2) [potion of mutation]
  4231 | D:4      | Slain by a worm

Illustrated notes

Levels and vault maps discovered:
D:1:      minmay_arrival_semitransparent, layout_basic
D:2:      layout_basic, uniq_jessica
D:3:      layout_rooms, fiery_altar_vehumet, chequers_ecumenical_altar_island,
          st_stairs_14, uniq_natasha, uniq_robin, uniq_grinder
D:4:      layout_loops_cross, nicolae_shop_i_like_big_books,
          nicolae_stop_n_shop_2, uniq_sigmund, uniq_duvessa, uniq_menkaure

Skill      XL: |  1  2  3  4  5  6  7 |
---------------+----------------------+-----
Conjurations   | 2 3 |  3.1
Spellcasting   | 5 |  5.8
Fighting       | 1 2 |  2.8
Short Blades   | 1 2 |  2.8
Long Blades    | 1 2 |  2.8
Axes           | 1 2 |  2.8
Maces & Flails | 1 2 |  2.8
Polearms       | 1 2 |  2.8
Staves         | 1 2 |  2.8
Ranged Weapons | 1 2 |  2.8
Throwing       | 1 2 |  2.8
Armour         | 1 2 |  2.8
Shields        | 1 2 |  2.8
Unarmed Combat | 1 2 |  2.8
Invocations    | 1 2 3 |  3.1
Evocations     | 1 2 |  2.8
Hexes          | 1 2 |  2.2
Summonings     | 1 2 |  2.2
Necromancy     | 1 2 |  2.2
Translocations | 1 2 |  2.2
Transmutations | 1 2 |  2.2
Ice Magic      | 1 2 |  2.2
Air Magic      | 1 2 |  2.2
Earth Magic    | 1 2 |  2.2
Poison Magic   | 1 2 |  2.2
Dodging        | 5 |  5.4
Stealth        | 5 |  5.1
Fire Magic     | |  5.9

Action                     |  1- 3 |  4- 6 |  7- 9 || total
---------------------------+-------+-------+-------++-------
  Melee: Unarmed           |     6 |       |       ||     6
         Dire flail        |    10 |     9 |    26 ||    45
         Bite              |     1 |     1 |     2 ||     4
   Cast: Foxfire           |    69 |    42 |    37 ||   148
         Scorch            |     3 |    26 |    16 ||    45
  Evoke: Wand              |       |       |     3 ||     3
    Use: Potion            |       |       |     4 ||     4
 Armour: Robe              |     4 |     2 |     4 ||    10
  Dodge: Dodged            |    43 |    31 |    45 ||   119
